 Dungeon Crawl Stone Soup version 0.29.0-15-g675c0067aa (webtiles) character file.

Game seed: 16620931684157729814

12351 Persephone the Severer (level 11, -2/85 HPs)
             Began as a Minotaur Fighter on Sept 11, 2022.
             Was a High Priest of Okawaru.
             Slain by a komodo dragon (12 damage)
             ... on level 1 of the Lair of Beasts.
             The game lasted 00:21:36 (13690 turns).

Persephone the Severer (Minotaur Fighter)          Turns: 13690, Time: 00:21:37

Health: -2/85      AC: 23    Str: 23    XL:     11   Next: 61%
Magic:  10/10      EV:  2    Int:  5    God:    Okawaru [*****.]
Gold:   693        SH: 17    Dex: 12    Spells: 10/10 levels left

rFire   + . .      SeeInvis +   i - +0 broad axe
rCold   + . .      Faith    .   E - +0 tower shield
rNeg    . . .      Spirit   .   n - +4 gold dragon scales
rPois   +          Reflect  .   F - +0 hat
rElec   .          Harm     .   C - scarf {repulsion}
rCorr   .          Rampage  .   q - +0 pair of gloves
Will    +....                   (no boots)
Stlth   ..........              s - amulet of the acrobat
HPRegen 0.24/turn               o - ring of see invisible
MPRegen 0.12/turn               D - ring of willpower

@: studying Shields, repel missiles
A: horns 2, retaliatory headbutt
a: Renounce Religion, Heroism, Finesse, Duel


You were on level 1 of the Lair of Beasts.
You worshipped Okawaru.
Okawaru was extremely pleased with you.
You visited 3 branches of the dungeon, and saw 13 of its levels.

You collected 693 gold pieces.

Inventory:

Hand Weapons
 i - a +0 broad axe (weapon)
Missiles
 v - 2 throwing nets
Armour
 n - +4 gold dragon scales (worn)
 q - a +0 pair of gloves (worn)
 C - a scarf of repulsion (worn)
 E - a +0 tower shield (worn)
 F - a +0 hat (worn)
Jewellery
 o - a ring of see invisible (left hand)
 p - a ring of fire
 s - an amulet of the acrobat (around neck)
 w - a ring of ice
 D - a ring of willpower (right hand)
Wands
 b - a wand of polymorph (3)
 h - a wand of paralysis (5)
 m - a wand of acid (6)
 u - a wand of mindburst (16)
Scrolls
 a - a scroll of fear
 d - a scroll of immolation
 e - 5 scrolls of teleportation
 j - 3 scrolls of amnesia
 l - 2 scrolls of enchant weapon
 x - 4 scrolls of vulnerability
Potions
 c - a potion of curing
 f - 4 potions of flight
 g - 3 potions of attraction
 r - 4 potions of brilliance
 t - 2 potions of cancellation
 z - 3 potions of mutation
 A - 2 potions of degeneration {unknown}
 B - a potion of ambrosia {unknown}
 G - a potion of berserk rage {unknown}
Miscellaneous
 y - a box of beasts


   Skills:
 - Level 4.7 Fighting
 * Level 15.5 Axes
 + Level 11.5 Armour
 + Level 13.1 Shields


You had 10 spell levels left.
You didn't know any spells.
Your spell library contained the following spells:

 Spells                   Type           Power      Damage    Failure   Level
 Ensorcelled Hibernation  Hex/Ice        0%         N/A       100%        2
 Passwall                 Tmut/Erth      0%         N/A       100%        2
 Dazzling Flash           Conj/Hex       0%         N/A       100%        3
 Gell's Gravitas          Tloc           0%         N/A       100%        3
 Ignite Poison            Fire/Tmut/Pois 0%         N/A       100%        3
 Lesser Beckoning         Tloc           0%         N/A       100%        3
 Mephitic Cloud           Conj/Pois/Air  0%         N/A       100%        3
 Swiftness                Air            0%         N/A       100%        3
 Teleport Other           Tloc           0%         N/A       100%        3
 Agony                    Necr           0%         N/A       100%        5
 Freezing Cloud           Conj/Ice/Air   0%         6-21      100%        5
 Silence                  Hex/Air        0%         N/A       100%        5
 Dispersal                Tloc           0%         N/A       100%        6


Dungeon Overview and Level Annotations

Branches:
Dungeon (11/15)            Temple (1/1) D:6            Lair (1/5) D:9
    Orc (0/2) D:11

Altars:
Ashenzari
Cheibriados
Dithmenos
Elyvilon
Fedhas
Gozag
Hepliaklqana
Kikubaaqudgha
Makhleb
Okawaru
Qazlal
Ru
Sif Muna
Trog
Wu Jian
Xom
Yredelemnul
Zin
The Shining One

Shops:
D:6 *   D:9 !   D:11 ?

Annotations:
D:4 Edmund
D:9 2 runed translucent doors
Temple 2 transporters


Innate Abilities, Weirdness & Mutations

You have a pair of horns on your head.
You reflexively headbutt those who attack you in melee.


Message History

The komodo dragon bites you!! You block the cane toad's attack.
You slice the cane toad!!
The cane toad is severely wounded.
You closely miss the komodo dragon.
You hit the komodo dragon but do no damage.
The cane toad stings you. The komodo dragon bites you!!
The komodo dragon bites you but does no damage.
You are too injured to fight recklessly!
You are too injured to fight recklessly!
You are too injured to fight recklessly!
You are too injured to fight recklessly!
You are too injured to fight recklessly!
You are too injured to fight recklessly!
You are too injured to fight recklessly!
You are too injured to fight recklessly!
You are too injured to fight recklessly!
You are too injured to fight recklessly!
You are too injured to fight recklessly!
You are too injured to fight recklessly!
You are too injured to fight recklessly!
You are too injured to fight recklessly!
You are too injured to fight recklessly!
Unknown command.
You hit the cane toad but do no damage. Your headbutt misses the cane toad.
The cane toad is severely wounded.
You hit the komodo dragon but do no damage. x2
The cane toad stings you!
* * * LOW HITPOINT WARNING * * *
You block the komodo dragon's attack. x2
You hit the cane toad. You headbutt the cane toad.
The cane toad is almost dead.
You barely miss the komodo dragon. You completely miss the komodo dragon.
The cane toad stings you but does no damage.
You block the komodo dragon's attack. The komodo dragon bites you!
* * * LOW HITPOINT WARNING * * *
The cane toad attacks as you move away!
The cane toad stings you but does no damage.
The komodo dragon attacks as you move away!
The komodo dragon bites you!
You die...

*,*,,** *,,***
*,,,*,* **,,* **
*#...#* *,,,**
**, #...#*
*,,,,* **,,
##....* *,,,,*
*,*, #....#*
*,,,** *,,,
*#...# *,,**
*,,,
#...######*,,,**
*,,,
#......@l#,,,*,*
**,,
#....#.lF.?...#*
**,
###.########...#
** #....# *,.##
##...# **,,*
#...## *,,****
#....# *,,,,,**
#...## **,*,,,**
#....#
***,,,,*****


You could see 2 komodo dragons and a cane toad.

Vanquished Creatures
  Erica (D:11)
  2 two-headed ogres
  A skeletal warrior (D:7)
  Pikel (D:5)
  A cyclops (D:7)
  A manticore (D:11)
  Maggie (D:6)
  A komodo dragon (D:11)
  2 trolls (D:11)
  A hornet (D:9)
  Prince Ribbit (D:5)
  Sigmund (D:3)
  4 wraiths (D:8)
  A shadow (D:11)
  7 yaks
  Grum (D:11)
  5 vampire mosquitoes
  A two-headed ogre zombie (D:11)
  2 acid dragons
  2 sky beasts (D:7)
  2 black bears
  6 orc warriors
  2 ogres
  2 centaurs
  4 wolves (D:11)
  2 lemures
  A phantom (D:11)
  A kobold brigand (D:10)
  2 bullfrogs
  4 necrophages
  2 scorpions
  8 wights
  11 killer bees
  4 howler monkeys
  3 hounds
  A jelly (D:6)
  3 gnoll boudas
  9 orc priests
  Jessica (D:3)
  Ijyb (D:3)
  7 iguanas
  6 orc wizards
  7 ogre zombies (D:11)
  Robin (D:4)
  15 gnolls
  4 adders
  4 white imps
  3 worms
  A dart slug (D:5)
  49 orcs
  5 ball pythons
  4 bats
  8 endoplasms
  4 giant cockroaches
  10 goblins
  8 hobgoblins
  2 quokkas
  4 frilled lizards
  A goblin skeleton (D:11)
  4 goblin zombies (D:11)
  5 hobgoblin zombies (D:11)
  14 kobolds
  4 orc skeletons (D:11)
  10 orc zombies (D:11)
  A rat (D:1)
  A spectral kobold (D:1)
288 creatures vanquished.

Vanquished Creatures (others)
  24 plants
24 creatures vanquished.

Grand Total: 312 creatures vanquished

Notes
Turn   | Place    | Note
-------+----------+-------------------------------------------
     0 | D:1      | Persephone the Minotaur Fighter began the quest for the
                  | Orb.
     0 | D:1      | Reached XP level 1. HP: 19/19 MP: 0/0
   207 | D:1      | Reached XP level 2. HP: 14/27 MP: 1/1
   570 | D:1      | Found a faded altar of an unknown god.
   697 | D:1      | Reached skill level 3 in Axes
   697 | D:1      | Reached XP level 3. HP: 34/34 MP: 2/2
  1007 | D:1      | You fall into a shaft and drop 1 floor!
  1230 | D:2      | Found a burning altar of Makhleb.
  1961 | D:3      | Noticed Ijyb
  1972 | D:3      | Killed Ijyb
  1973 | D:3      | Reached XP level 4. HP: 37/37 MP: 3/3
  2132 | D:3      | Noticed Jessica
  2137 | D:3      | Reached skill level 4 in Axes
  2142 | D:3      | Killed Jessica
  2143 | D:3      | Reached XP level 5. HP: 44/47 MP: 4/4
  2255 | D:3      | Noticed Sigmund
  2270 | D:3      | Killed Sigmund
  2271 | D:3      | Reached skill level 5 in Axes
  2271 | D:3      | Reached skill level 5 in Shields
  2271 | D:3      | Reached XP level 6. HP: 48/53 MP: 5/5
  2347 | D:3      | Found a shimmering altar of Xom.
  2538 | D:4      | Noticed Edmund
  2997 | D:4      | Identified the +8 trident of Invincibility {flame, +Blink
                  | rC+ Str+4}
  3150 | D:4      | Reached skill level 5 in Armour
  3343 | D:4      | Reached skill level 6 in Axes
  3438 | D:4      | Noticed Robin
  3447 | D:4      | Killed Robin
  3579 | D:4      | Reached XP level 7. HP: 53/60 MP: 6/6
  3884 | D:5      | Entered Level 5 of the Dungeon
  3884 | D:5      | Noticed Prince Ribbit
  3929 | D:5      | Killed Prince Ribbit
  3930 | D:5      | Reached skill level 7 in Axes
  4190 | D:5      | Identified the +5 dagger of Conscience {drain, rElec Will+
                  | SInv}
  4249 | D:5      | Reached XP level 8. HP: 67/67 MP: 7/7
  4289 | D:5      | Reached skill level 8 in Axes
  4290 | D:5      | Identified the +5 flail of Weuptiur {holy, *Slow Fly rElec
                  | rF+}
  4428 | D:5      | Noticed Pikel
  4904 | D:5      | Killed Pikel
  4905 | D:5      | Reached skill level 9 in Axes
  4995 | D:5      | Identified the +7 short sword of Income {freeze, *Corrode
                  | rF+ Will+ Int+2}
  5317 | D:6      | Found a staircase to the Ecumenical Temple.
  5332 | Temple   | Entered the Ecumenical Temple
  5332 | Temple   | Found a transporter.
  5332 | Temple   | Found a transporter.
  5334 | Temple   | Found a transporter.
  5334 | Temple   | Found a transporter.
  5352 | Temple   | Became a worshipper of Warmaster Okawaru
  5407 | D:6      | Reached skill level 10 in Axes
  5466 | D:6      | Reached XP level 9. HP: 72/72 MP: 8/8
  5516 | D:6      | Found a bloodstained altar of Trog.
  5633 | D:6      | Found Zin's Purification Station.
  5637 | D:6      | Found a glowing silver altar of Zin.
  5700 | D:6      | Noticed Maggie
  5718 | D:6      | Killed Maggie
  5909 | D:6      | Reached * piety under Okawaru
  6513 | D:7      | Noticed a cyclops
  6521 | D:7      | Killed a cyclops
  6522 | D:7      | Reached skill level 11 in Axes
  7133 | D:7      | Reached skill level 12 in Axes
  7134 | D:7      | Reached ** piety under Okawaru
  7573 | D:8      | Reached XP level 10. HP: 71/80 MP: 9/9
  8073 | D:8      | Noticed a skeletal warrior
  8119 | D:7      | HP: 1/80 [skeletal warrior/+0 mace (21)]
  8122 | D:7      | Killed a skeletal warrior
  8523 | D:8      | Noticed a two-headed ogre
  8534 | D:8      | Killed a two-headed ogre
  8535 | D:8      | Reached skill level 13 in Axes
  8535 | D:8      | Reached skill level 10 in Shields
  8803 | D:8      | Found the +5 scythe "Finisher" {speed, eviscerate}
  8818 | D:8      | Reached *** piety under Okawaru
  8819 | D:8      | Reached skill level 10 in Armour
  9251 | D:8      | Identified a scroll of acquirement
  9251 | D:8      | Acquired a manual of Shields
  9301 | D:9      | Found a large runed translucent door.
  9305 | D:9      | Found a large runed translucent door.
  9617 | D:9      | Found a staircase to the Lair.
  9620 | D:9      | Found Dofumeos's Distillery.
  9643 | D:9      | Noticed a two-headed ogre
  9660 | D:9      | Killed a two-headed ogre
  9661 | D:9      | Reached skill level 14 in Axes
  9949 | D:9      | Paralysed by a hornet for 3 turns
  9953 | D:9      | Reached **** piety under Okawaru
 10218 | D:9      | Found a white marble altar of Elyvilon.
 10310 | D:9      | Found an opulent altar of Gozag.
 10964 | D:10     | Entered Level 10 of the Dungeon
 10992 | D:10     | Reached XP level 11. HP: 85/85 MP: 10/10
 12057 | D:11     | Identified the +1 short sword "Efouh" {chaos, rElec rF+ rC+
                  | Str+3}
 12169 | D:11     | Found a staircase to the Orcish Mines.
 12381 | D:11     | Reached skill level 15 in Axes
 12561 | D:11     | Reached ***** piety under Okawaru
 12869 | D:11     | Found Unine's Magic Scroll Boutique.
 12874 | D:11     | Noticed Grum
 12884 | D:11     | Killed Grum
 13196 | D:11     | Noticed Erica
 13212 | D:11     | Killed Erica
 13648 | Lair:1   | Entered Level 1 of the Lair of Beasts
 13690 | Lair:1   | Slain by a komodo dragon

Illustrated notes

Levels and vault maps discovered:
D:1:      minmay_arrival_three_doors, layout_loops_corners,
          dreamdust_ecumenical_altar_drowned_temple, st_stairs_8
D:2:      layout_loops_cross, basic_altar, mrwooster_statue_mirror
D:3:      layout_basic, mainiacjoe_overflow_chevrons, uniq_jessica,
          uniq_sigmund, uniq_ijyb
D:4:      layout_basic, uniq_robin, uniq_edmund
D:5:      nicolae_BIG_FREAKIN_CUBE, layout_basic, uniq_pikel,
          uniq_prince_ribbit1
D:6:      layout_gridville, mainiacjoe_overflow_alcove_4, zin_purify,
          temple_pool_b, grunt_ministairs_3, uniq_maggie
D:7:      layout_cave_pools, kennysheep_generic_room_9
D:8:      layout_basic, minmay_guarded_unrand_finisher
D:9:      layout_long_grid, jmf_multi_god_temple2, lemuel_round_altar,
          mainiacjoe_overflow_six_doors_small, lair_entry_dummy, serial_bayou,
          serial_bayou_lagoon_a, serial_bayou_shore_a, serial_bayou_pond_c,
          serial_bayou_ford_a, serial_shops, shop
D:10:     layout_roguey [special_room_orc], minmay_misc_feat_five
D:11:     layout_layer_cave, zombieorc2_lemuel, serial_shops,
          nicolae_shop_behind_doors, kennysheep_boxes, uniq_erica, uniq_grum
Temple:   hellmonk_temple_divided_pantheon
Lair:1:   layout_concentric_octagons, enter_volcano_1

Skill      XL: |  1  2  3  4  5  6  7  8  9 10 11 |
---------------+----------------------------------+-----
Fighting       | 4 |  4.7
Shields        | 4 5 6 7 9 11 13 | 13.1
Axes           | 3 4 5 6 7 10 12 14 15 | 15.5
Armour         | 4 5 6 7 9 10 11 | 11.5

Action                   |  1- 3 |  4- 6 |  7- 9 | 10-12 || total
-------------------------+-------+-------+-------+-------++-------
Melee: War axe           |    75 |    97 |   265 |   144 ||   581
       Headbutt          |    14 |    14 |    59 |   101 ||   188
       Unarmed           |       |     2 |       |       ||     2
       Broad axe         |       |       |       |   341 ||   341
Invok: Heroism           |       |       |     1 |     6 ||     7
       Finesse           |       |       |       |     1 ||     1
  Use: Scroll            |     9 |     4 |       |    13 ||    26
       Potion            |       |     1 |       |     2 ||     3
Armor: Scale mail        |    20 |       |       |       ||    20
       Gold dragon scale |    10 |    61 |   154 |   222 ||   447
       Skin              |     3 |     1 |       |       ||     4
Dodge: Dodged            |    23 |     7 |    49 |   109 ||   188
       Repelled          |       |       |       |     1 ||     1
Block: Buckler           |     8 |    13 |    63 |    52 ||   136
       Tower shield      |       |       |       |   245 ||   245
